 Dungeon Crawl Stone Soup version 0.26-a0-639-g72c4674329 (webtiles) character file.

Game seed: 15513451656179622721

1652 MrRokkomies the Skirmisher (level 8, -1/73 HPs)
             Began as a Demigod Delver on Sept 16, 2020.
             Killed from afar by a white imp (10 damage)
             ... with a puff of frost
             ... summoned by Eustachio
             ... on level 6 of the Dungeon.
             The game lasted 00:08:24 (5891 turns).

MrRokkomies the Skirmisher (Demigod Delver)         Turns: 5891, Time: 00:08:26

Health: -1/73      AC:  8    Str: 17    XL:     8   Next: 40%
Magic:  10/10      EV: 15    Int: 16    God:
Gold:   214        SH:  0    Dex: 23    Spells: 7/7 levels left

rFire    . . .     SeeInvis .   a - +1 dagger (drain)
rCold    . . .     Faith    .   (no shield)
rNeg     . . .     Spirit   .   l - +0 leather armour
rPois    .         Reflect  .   u - +2 helmet
rElec    .         Harm     .   x - +0 cloak
rCorr    .         Rampage  .   (no gloves)
MR       .....                  r - +0 pair of boots
Stlth    +++.......             (no amulet)
HPRegen  0.22/turn              y - +6 ring of dexterity
MPRegen  0.12/turn              (no ring)

@: no status effects
A: high mp 1
a: no special abilities


You were on level 6 of the Dungeon.
You visited 1 branch of the dungeon, and saw 6 of its levels.

You collected 214 gold pieces.

Inventory:

Hand Weapons
 a - a +1 dagger of draining (weapon)
 b - a +3 short sword of flaming
 v - a +0 falchion
 B - the +9 dagger of Veimm {vorpal, rElec rF+ rC++, unknown}
   (You found it on level 6 of the Dungeon)

   It inflicts extra damage upon your enemies.
   It protects you from fire.
   It greatly protects you from cold.
   It insulates you from electricity.
Armour
 l - a +0 leather armour (worn)
 r - a +0 pair of boots (worn)
 u - a +2 helmet (worn)
 x - a +0 cloak (worn)
Jewellery
 y - a +6 ring of dexterity (left hand)
Wands
 g - a wand of digging (3)
 h - a wand of paralysis (9)
 k - a wand of disintegration (13)
 C - a wand of iceblast (7)
Scrolls
 c - a scroll of fog
 d - a scroll of magic mapping
 e - 3 scrolls of fear
 i - 6 scrolls of identify
 n - 5 scrolls of remove curse
 q - 3 scrolls of enchant weapon
 s - a scroll of noise {unknown}
 w - 2 scrolls of enchant armour {unknown}
Potions
 f - 2 potions of haste
 j - 2 potions of curing
 m - 3 potions of degeneration {unknown}
 o - 2 potions of might {unknown}
 p - 3 potions of stabbing {unknown}
 t - 3 potions of lignification {unknown}
 z - 2 potions of brilliance {unknown}
 A - a potion of magic {unknown}


   Skills:
 * Level 7.0 Fighting
 * Level 6.6 Long Blades
 + Level 4.8 Dodging
 - Level 4.5 Stealth


You had 7 spell levels left.
You didn't know any spells.
Your spell library was empty.

Dungeon Overview and Level Annotations

Branches:
Dungeon (6/15)             Temple (0/1) D:5

Annotations:
D:6 Eustachio


Innate Abilities, Weirdness & Mutations

You have an increased reservoir of magic. (+10% MP)


Message History

The iron imp disappears in a puff of smoke!
The ufetubus barely misses you.
The ufetubus hits you but does no damage.
Eustachio completely misses you.
You barely miss Eustachio.
Eustachio is almost dead.
The ufetubus closely misses you. x2
The river rat twitches its whiskers.
The river rat bites you.
* * * LOW HITPOINT WARNING * * *
The white imp hits you but does no damage.
Eustachio hits you with a +0 rapier.
* * * LOW HITPOINT WARNING * * *
You feel better. The ufetubus hits you.
* * * LOW HITPOINT WARNING * * *
The ufetubus completely misses you. The river rat closely misses you.
The river rat barely misses you. The white imp gestures at you.
The puff of frost hits you!
You die...

.......#.#.##### #.#...####.
...............# #.##(...#..
...............# #.####....#
...............#####.##.......
..........÷..................#
##.####...r........#####...#.# #.
#.......5...(# #......#
####.....5.5...## ##..###..
..##.....r@@#######...# #..
#.##.....r..#........## ###
#.####..####..#####..# ###
#.###...####.## #.## ##..
#######.##.........# #.####..#
..............###########......##
...............####........#####
........#..........<####)###
.....?..†.......###......#


You could see Eustachio (drained), a crimson imp (summoned), 2 river rats, a
white imp (summoned), an ufetubus (summoned) and a quokka (summoned).

Vanquished Creatures
  Pikel (D:5)
  Sigmund (D:3)
  A phantom (D:5)
  An ogre (D:6)
  Blork the orc (D:5)
  2 bullfrogs (D:6)
  2 scorpions
  2 howler monkeys
  2 bullfrog skeletons
  A hound (D:4)
  A centaur skeleton (D:4)
  An orc wizard (D:5)
  Jessica (D:2)
  Ijyb (D:4)
  4 worker ants
  A hound skeleton (D:5)
  Robin (D:3)
  8 adders
  2 adder zombies (D:5)
  3 worms
  3 dart slugs
  2 leopard geckos
  6 orcs
  7 bats
  6 giant cockroaches
  14 hobgoblins
  8 jackals
  3 kobolds
  3 quokkas
  9 ball pythons
  3 frilled lizards
  20 goblins
  6 rats
127 creatures vanquished.

Notes
Turn   | Place    | Note
-------+----------+-------------------------------------------
     0 | D:5      | MrRokkomies the Demigod Delver began the quest for the Orb.
     0 | D:5      | Reached XP level 1. HP: 18/18 MP: 3/3
    30 | D:4      | Reached skill level 3 in Fighting
    30 | D:4      | Reached XP level 2. HP: 25/26 MP: 4/4
    66 | D:3      | Noticed Sigmund
   126 | D:2      | Reached XP level 3. HP: 15/31 MP: 5/5
   334 | D:2      | Noticed Jessica
   343 | D:2      | Killed Jessica
   442 | D:2      | Reached XP level 4. HP: 22/40 MP: 6/6
  1798 | D:2      | Reached skill level 4 in Fighting
  2059 | D:2      | Reached XP level 5. HP: 46/46 MP: 7/7
  3214 | D:3      | Noticed Robin
  3248 | D:3      | Killed Robin
  3353 | D:3      | Killed Sigmund
  3353 | D:3      | Reached XP level 6. HP: 38/55 MP: 8/8
  3988 | D:4      | Noticed Ijyb
  3998 | D:4      | Paralysed by Ijyb for 2 turns
  4004 | D:4      | Paralysed by Ijyb for 2 turns
  4009 | D:4      | Killed Ijyb
  4073 | D:4      | Found a shimmering blue altar of Sif Muna.
  4117 | D:4      | Reached skill level 5 in Fighting
  4667 | D:5      | Reached XP level 7. HP: 61/61 MP: 9/9
  4754 | D:5      | Reached skill level 5 in Long Blades
  4845 | D:5      | Noticed Pikel
  4870 | D:5      | Noticed Blork the orc
  4878 | D:5      | Killed Pikel
  4878 | D:5      | Reached skill level 6 in Fighting
  4883 | D:5      | Reached XP level 8. HP: 61/71 MP: 10/10
  4900 | D:5      | Killed Blork the orc
  5092 | D:5      | Found a staircase to the Ecumenical Temple.
  5560 | D:6      | Got a bloodstained dagger
  5824 | D:6      | Noticed Eustachio
  5830 | D:6      | Reached skill level 7 in Fighting
  5891 | D:6      | Killed from afar by a white imp

Illustrated notes

Levels and vault maps discovered:
D:1:      minmay_arrival_nine_rooms, layout_basic, hangedman_decor_lopped,
          chequers_serial_rivers_small_b, minmay_misc_feat_iff,
          corexii_hall_statues_t
D:2:      layout_basic, serial_glass, glass_columns_c, glass_columns_b,
          minmay_snake_closets, uniq_jessica
D:3:      minmay_recursive_quarters, layout_rooms, minmay_liquid_box,
          ebering_dispersal_statue_hall, uniq_robin, uniq_sigmund
D:4:      layout_loops_cross, lemuel_crystal_altar, uniq_ijyb
D:5:      layout_rooms, minmay_temple_entry_grid, uniq_blork_the_orc, uniq_pikel
D:6:      layout_rooms, nicolae_sextant, uniq_eustachio

Skill      XL: |  1  2  3  4  5  6  7  8 |
---------------+-------------------------+-----
Fighting       | 3 4 5 6 7 |  7.0
Long Blades    | 2 3 4 5 6 |  6.6
Dodging        | 2 3 4 |  4.8
Stealth        | |  4.5

Action                   |  1- 3 |  4- 6 |  7- 9 || total
-------------------------+-------+-------+-------++-------
Melee: Falchion          |    43 |     6 |       ||    49
       Short sword       |       |   192 |    17 ||   209
       Dagger            |       |   115 |   152 ||   267
  Use: Scroll            |     1 |     2 |       ||     3
       Potion            |       |       |     1 ||     1
 Stab: Sleeping          |     1 |    16 |     4 ||    21
Armor: Leather armour    |    12 |    79 |    53 ||   144
Dodge: Dodged            |    37 |   202 |   168 ||   407
       Rpst.: Falchion   |    16 |     1 |       ||    17

Table legend: (Time is in decaauts)
 A = Elapsed time spent in this place.
 B = Non-inter-level travel time spent in this place.
 C = Inter-level travel time spent in this place.
 D = Time resting spent in this place.
 E = Time spent auto-exploring this place.
 F = Levels seen in this place.
 G = Mean time per level.
                   A        B        C        D        E       F      G
               +--------+--------+--------+--------+--------+-----+--------+
         Total |   5856 |   5675 |    181 |    408 |   4189 |   6 |  976.0 |
       Dungeon |   5856 |   5675 |    181 |    408 |   4189 |   6 |  976.0 |
               +--------+--------+--------+--------+--------+-----+--------+

Top non-repeatable levels by time:
     D:2: 1672 daAuts
     D:3: 1118 daAuts
     D:1: 1066 daAuts
     D:5: 829 daAuts
     D:4: 673 daAuts
     D:6: 495 daAuts
